 Dungeon Crawl Stone Soup version 0.19.4-8-ga85b6b9 (webtiles) character file.

217 Heskey the Skirmisher (level 5, 0/61 HPs)
             Began as an Ogre Berserker on Feb 9, 2017.
             Was a Believer of Trog.
             Slain by an adder (2 damage)
             ... on level 2 of the Dungeon.
             The game lasted 00:01:44 (1097 turns).

Heskey the Skirmisher (Ogre Berserker)              Turns: 1097, Time: 00:01:45

Health: 0/61       AC:  3    Str: 23    XL:     5   Next: 94%
Magic:  5/5        EV: 11    Int:  6    God:    Trog [**....]
Gold:   88         SH:  0    Dex:  9    Spells: 0 memorised, 4 levels left

rFire  . . .     SeeInvis .     a - +0 mace
rCold  . . .     Gourm    .     b - +0 animal skin
rNeg   . . .     Faith    .     (no shield)
rPois  .         Spirit   .     (helmet restricted)
rElec  .         Reflect  .     (no cloak)
rCorr  .         Harm     .     (gloves unavailable)
MR     .....                    (boots unavailable)
Stlth  +.........               (no amulet)
                                (no ring)
                                (no ring)

@: exhausted, slowed, very slow
A: unfitting armour, tough skin 1
a: Berserk, Trog's Hand, Burn Spellbooks, Renounce Religion


You were on level 2 of the Dungeon.
You worshipped Trog.
Trog was pleased with you.
You were not hungry.

You visited 1 branch of the dungeon, and saw 2 of its levels.

You collected 88 gold pieces.

Inventory:

Hand Weapons
 a - a +0 mace (weapon)
Armour
 b - a +0 animal skin (worn)
Scrolls
 e - 4 scrolls of identify {unknown}
 g - 2 scrolls of random uselessness {unknown}
 h - a scroll of immolation {unknown}
 j - a scroll of teleportation {unknown}
Potions
 d - a potion of haste {unknown}
Comestibles
 c - 2 meat rations
 f - 5 fruits
 i - a bread ration


   Skills:
 * Level 6.3 Fighting
 + Level 5.5 Maces & Flails
 + Level 3.8 Dodging


You had 4 spell levels left.
You didn't know any spells.

Dungeon Overview and Level Annotations

Branches:
Dungeon (2/15)

Altars:


Innate Abilities, Weirdness & Mutations

You are too large for most types of armour.
You have tough skin. (AC +1)


Message History

The giant cockroach bites you but does no damage.
You hit the giant cockroach.
You kill the giant cockroach!
Trog accepts your kill.
You are no longer berserk.
You are exhausted.
You feel yourself slow down.
You closely miss the adder. The adder bites you.
* * * LOW HITPOINT WARNING * * *
The adder bites you.
* * * LOW HITPOINT WARNING * * *
You miss the adder. The adder misses you. The adder bites you.
* * * LOW HITPOINT WARNING * * *
The adder barely misses you.
You miss the adder. The adder bites you.
* * * LOW HITPOINT WARNING * * *
The adder barely misses you.
You hit the adder but do no damage. The adder bites you but does no damage.
The adder bites you.
You die...

#....<..# .########
#.......#####.........
#.....................
#........).##.#.######
###.......###...#
............(.#
.......g..#.#...#
######S###.###.# #@#
#.# .. #.# #.# ## ###
#.###.# ... ..##..#
### ####.## #.# #.#
#.#########
#.........#


You could see an adder and a goblin.

Vanquished Creatures
  Sigmund (D:2)
  Jessica (D:2)
  3 giant cockroaches (D:2)
  3 goblins (D:1)
  A hobgoblin (D:1)
  10 jackals
  3 bats
  2 frilled lizards (D:1)
  6 kobolds
  2 rats (D:1)
32 creatures vanquished.

Notes
Turn   | Place    | Note
-------+----------+-------------------------------------------
     0 | D:1      | Heskey the Ogre Berserker began the quest for the Orb.
     0 | D:1      | Reached XP level 1. HP: 24/24 MP: 1/1
    22 | D:1      | Reached XP level 2. HP: 22/32 MP: 2/2
   960 | D:2      | Noticed Jessica
   971 | D:2      | Reached XP level 3. HP: 38/40 MP: 3/3
   985 | D:2      | Killed Jessica
  1070 | D:2      | Reached XP level 4. HP: 44/49 MP: 4/4
  1072 | D:2      | Noticed Sigmund
  1086 | D:2      | Killed Sigmund
  1086 | D:2      | Reached ** piety under Trog
  1086 | D:2      | Reached skill level 6 in Fighting
  1086 | D:2      | Reached skill level 5 in Maces & Flails
  1086 | D:2      | Reached XP level 5. HP: 12/59 MP: 5/5
  1096 | D:2      | HP: 2/61 [adder (2)]
  1097 | D:2      | Slain by an adder

Skill      XL: |  1  2  3  4 |
---------------+-------------+-----
Dodging        | 3 |  3.8
Fighting       | 6 |  6.3
Maces & Flails | 5 |  5.5

Action                   |  1- 3 |  4- 6 || total
-------------------------+-------+-------++-------
Melee: Mace              |    73 |    21 ||    94
Invok: Berserk           |     2 |     1 ||     3
  Eat: Bread ration      |     1 |       ||     1
Armor: Animal skin       |    28 |     5 ||    33
Dodge: Dodged            |    63 |     9 ||    72
